Selects Australian Defense Battlegroup
Selects Australian Light Infantry Section
Australian Light Infantry Section
Australian Light Infantry Section
Construct Field Infirmary
Construct Section Command Post
Australian Light Infantry Section
Construct Platoon Command Post
Selects CMP 15cwt Supply Run
Selects Reinforced Resource Caches
6-pounder Anti-tank Gun Team
Construct Company Command Post
Unlock M3 Grant Medium Tanks